 Dungeon Crawl Stone Soup version 0.23.0-3-gf3c87f2 (webtiles) character file.

Game seed: 15833364502963541799

53 Lanoc the Chopper (level 3, -3/28 HPs)
             Began as a Demonspawn Gladiator on Feb 24, 2019.
             Killed by nerve-wracking pain
             ... invoked by Jessica
              (12 damage)
             ... on level 2 of the Dungeon.
             The game lasted 00:02:34 (1024 turns).

Lanoc the Chopper (Demonspawn Gladiator)            Turns: 1024, Time: 00:02:35

Health: -3/28      AC:  4    Str: 15    XL:     3   Next: 62%
Magic:  3/3        EV: 13    Int:  9    God:
Gold:   83         SH:  4    Dex: 14    Spells: 2/2 levels left

rFire    . . .     SeeInvis .   a - +0 war axe
rCold    . . .     Gourm    .   (no shield)
rNeg     . . .     Faith    .   b - +0 leather armour
rPois    .         Spirit   .   c - +0 helmet
rElec    .         Reflect  .   h - scarf {cloud immunity}
rCorr    .         Harm     .   (no gloves)
MR       .....                  (no boots)
Stlth    +.........             (no amulet)
HPRegen  0.09/turn              (no ring)
MPRegen  0.08/turn              (no ring)

@: no status effects
A: talons 1, large bone plates 1
a: no special abilities


You were on level 2 of the Dungeon.
You were hungry.

You visited 1 branch of the dungeon, and saw 2 of its levels.

You collected 83 gold pieces.

Inventory:

Hand Weapons
 a - a +0 war axe (weapon)
Missiles
 d - 3 throwing nets (quivered)
Armour
 b - a +0 leather armour (worn)
 c - a +0 helmet (worn)
 h - a scarf of cloud immunity (worn)
Scrolls
 e - a scroll of magic mapping {unknown}
 i - a scroll of amnesia {unknown}
Potions
 g - a potion of cancellation {unknown}
 j - a potion of haste {unknown}
 k - a potion of invisibility {unknown}
 l - a potion of curing {unknown}
Comestibles
 f - 5 rations


   Skills:
 + Level 2.4 Fighting
 * Level 3.3 Axes
 - Level 1.7 Throwing
 + Level 1.2 Armour
 + Level 3.0 Dodging


You had 2 spell levels left.
You didn't know any spells.
Your spell library was empty.

Dungeon Overview and Level Annotations

Branches:
Dungeon (2/15)

Altars:
Nemelex Xobeh

Annotations:
D:2 Jessica


Innate Abilities, Weirdness & Mutations

You have sharp toenails.
You are partially covered in large bone plates. (SH +4)


Message History

Jessica seems to speed up.
There is an open door here.
Jessica misses you.
You barely miss Jessica. Jessica hits you but does no damage.
Jessica closely misses you.
You hit Jessica but do no damage. Your kick misses Jessica. Jessica hits you.
Jessica barely misses you.
You closely miss Jessica.
Jessica looks very angry.
Jessica barely misses you. Jessica gestures at you while chanting.
Pain shoots through your body!
You are too injured to fight recklessly!
You are too injured to fight recklessly!
You hit Jessica but do no damage. You claw Jessica.
Jessica is moderately wounded.
Jessica hits you. Jessica gestures at you while chanting.
Pain shoots through your body!
You die...

###.##.##.....# #.##
#####....#.##.#####. #...
#.....##.#..........####.
#.###.##+#.##.#######....
#.##..........# #.#..
#.#..##...##......# #.#.#
#...####.####.....# #....
#..##..#'#..##....# ###.#
#..##...@...##.... #.#
##..##..@..##.....# #..
##..##...##..# ## ####
##..##.##...# #...
##..###....# .##
##.....#..# # #
#######..# .# #..######
#.# ##>.....# #.#


You could see Jessica.

Vanquished Creatures
  An adder (D:2)
  An ooze (D:2)
  A dart slug (D:1)
  2 leopard geckos
  A ball python (D:1)
  3 bats
  2 giant cockroaches (D:1)
  2 goblins (D:1)
  6 hobgoblins
  2 quokkas (D:2)
  8 frilled lizards
  3 kobolds (D:1)
  3 rats
35 creatures vanquished.

Notes
Turn   | Place    | Note
-------+----------+-------------------------------------------
     0 | D:1      | Lanoc the Demonspawn Gladiator began the quest for the Orb.
     0 | D:1      | Reached XP level 1. HP: 16/16 MP: 1/1
    69 | D:1      | Gained mutation: You are partially covered in large bone
                  | plates. (SH +4) [demonic ancestry]
    69 | D:1      | Reached XP level 2. HP: 20/22 MP: 2/2
   560 | D:1      | Gained mutation: You have sharp toenails. [demonic
                  | ancestry]
   560 | D:1      | Reached XP level 3. HP: 26/28 MP: 3/3
   806 | D:2      | Reached skill level 1 in Armour
  1018 | D:2      | Found a sparkling altar of Nemelex Xobeh.
  1018 | D:2      | Noticed Jessica
  1024 | D:2      | Killed from afar by Jessica

Skill      XL: |  1  2  3 |
---------------+----------+-----
Axes           | 3 |  3.3
Armour         | 1 |  1.2
Dodging        | 3 |  3.0
Fighting       | |  2.4
Throwing       | |  1.7

Action                   || total
-------------------------++-------
Melee: War axe           ||    97
       Kick              ||    11
 Stab: Sleeping          ||     2
Armor: Leather armour    ||    46
Dodge: Dodged            ||    88
Block: Other             ||    13
